PCL
VANCOUVER VIPERS @ SPOKANE TRAPPERS
06/12/2029
 
TOP OF THE 1ST
Vancouver Vipers batting - Pitching for Spokane Trappers : LHP Halewijn Tipping
Pitching: LHP Halewijn Tipping
Batting: RHB Jesús Lara 0-0: Ball
1-0: Called Strike
1-1: Swinging Strike
1-2: Strikes out looking
Batting: RHB Eugene Booth 0-0: Ball
1-0: Ball
2-0: Ball
3-0: Foul Ball, location: 2F
3-1: Foul Ball, location: 2F
3-2: Base on Balls
Batting: RHB Walton Smith 0-0: Ball
1-0: Called Strike
1-1: Called Strike
1-2: Ball
2-2: Fielders Choice at 2nd, 3-6 (Groundball, 34)
Batting: LHB Stan Bates 0-0: Called Strike
0-1: Fly out, F6 (Popup, 6)
Top of the 1st over - 0 runs, 0 hits, 0 errors, 1 left on base; Vancouver 0 - Spokane 0
BOTTOM OF THE 1ST
Spokane Trappers batting - Pitching for Vancouver Vipers : RHP Diego González
Pitching: RHP Diego González
Batting: RHB José Aguilera 0-0: Ball
1-0: Swinging Strike
1-1: Called Strike
1-2: Strikes out swinging
Batting: LHB John Cotton 0-0: Fly out, F8 (Flyball, 8LD)
Batting: LHB Héctor Rentería 0-0: SOLO HOME RUN (Flyball, 9D), Distance : 373 ft
Batting: SHB Mark Wells 0-0: SOLO HOME RUN (Flyball, 89XD), Distance : 394 ft
Batting: RHB José Herrera 0-0: Ball
1-0: Foul Ball, location: 2F
1-1: Ball
2-1: Ball
3-1: Base on Balls
Batting: SHB Chris Bennis 0-0: Fly out, F8 (Flyball, 78D)
Bottom of the 1st over - 2 runs, 2 hits, 0 errors, 1 left on base; Vancouver 0 - Spokane 2
TOP OF THE 2ND
Vancouver Vipers batting - Pitching for Spokane Trappers : LHP Halewijn Tipping
Batting: RHB Cooper Richard 0-0: Foul Ball, location: 2F
0-1: Ball
1-1: Called Strike
1-2: SINGLE (Groundball, 4MD)
Batting: RHB Ben Alexander 0-0: Ball
Cooper Richard steals 2nd base
1-0: Ball
2-0: Foul Ball, location: 2F
2-1: Ball
3-1: Ground out 1-3 (Groundball, P)
Cooper Richard to third
Batting: RHB Bob Magee 0-0: Foul Ball, location: 2F
0-1: Ball
1-1: Ball
2-1: Ball
3-1: SINGLE (Groundball, 15S) (infield hit)
Batting: LHB Nick English 0-0: Called Strike
0-1: Ball
1-1: Ball
2-1: DOUBLE (Flyball, 8RD)
Cooper Richard scores
Bob Magee to third
Runner from 3rd tries for Home, throw and OUT!
Nick English to third
Batting: LHB Mike Williams 0-0: Ball
1-0: Ball
2-0: Ball
3-0: Called Strike
3-1: Called Strike
3-2: Ground out 5-3 (Groundball, 56)
Top of the 2nd over - 1 run, 3 hits, 0 errors, 1 left on base; Vancouver 1 - Spokane 2
BOTTOM OF THE 2ND
Spokane Trappers batting - Pitching for Vancouver Vipers : RHP Diego González
Batting: RHB Danny Crouch 0-0: Ball
1-0: Ball
2-0: Ball
3-0: Called Strike
3-1: Base on Balls
Batting: LHB Tommy Evans 0-0: Ball
1-0: Ball
2-0: Ball
3-0: Base on Balls
Danny Crouch to second
Batting: RHB António Martínez 0-0: Ball
1-0: Ball
2-0: Called Strike
2-1: Ball
3-1: Foul Ball, location: 2F
3-2: Foul Ball, location: 2F
3-2: Foul Ball, location: 2F
3-2: Base on Balls
Danny Crouch to third
Tommy Evans to second
Batting: RHB José Aguilera 0-0: Called Strike
0-1: Ball
1-1: Foul Ball, location: 2F
1-2: Ball
2-2: Fly out, F4 (Line Drive, 4)
Batting: LHB John Cotton 0-0: Ball
1-0: Called Strike
1-1: Foul Ball, location: 2F
1-2: Strikes out swinging
Batting: LHB Héctor Rentería 0-0: Ball
1-0: Called Strike
1-1: Ball
2-1: Swinging Strike
2-2: Strikes out swinging
Bottom of the 2nd over - 0 runs, 0 hits, 0 errors, 3 left on base; Vancouver 1 - Spokane 2
TOP OF THE 3RD
Vancouver Vipers batting - Pitching for Spokane Trappers : LHP Halewijn Tipping
Batting: RHB Jesús Lara 0-0: Ball
1-0: Ball
2-0: Foul Ball, location: 2F
2-1: Ball
3-1: Base on Balls
Batting: RHB Eugene Booth 0-0: Ball
1-0: Fielders Choice at 2nd, 1-6 (Groundball, 13)
Batting: RHB Walton Smith 0-0: Ball
1-0: Foul Ball, location: 2F
1-1: Ball
2-1: Foul Ball, location: 2F
2-2: SINGLE (Flyball, 9LM)
Eugene Booth to second
Runner from 2nd tries for 3rd, SAFE, throw made to third
Batting: LHB Stan Bates 0-0: Ball
1-0: Ball
2-0: DOUBLE (Groundball, 3L)
Eugene Booth scores
Walton Smith to third
Batting: RHB Cooper Richard 0-0: Called Strike
0-1: Ball
1-1: Foul Ball, location: 2F
1-2: Strikes out looking
Batting: RHB Ben Alexander 0-0: Ground out 4-3 (Groundball, 4)
Top of the 3rd over - 1 run, 2 hits, 0 errors, 2 left on base; Vancouver 2 - Spokane 2
BOTTOM OF THE 3RD
Spokane Trappers batting - Pitching for Vancouver Vipers : RHP Diego González
Batting: SHB Mark Wells 0-0: Called Strike
0-1: Ground out 1-3 (Groundball, P)
Batting: RHB José Herrera 0-0: Ball
1-0: Fly out, F4 (Popup, 13S)
Batting: SHB Chris Bennis 0-0: Called Strike
0-1: Ball
1-1: Ball
2-1: Ball
3-1: Base on Balls
Batting: RHB Danny Crouch 0-0: Called Strike
0-1: Ball
1-1: Fly out, F7 (Flyball, 7)
Bottom of the 3rd over - 0 runs, 0 hits, 0 errors, 1 left on base; Vancouver 2 - Spokane 2
TOP OF THE 4TH
Vancouver Vipers batting - Pitching for Spokane Trappers : LHP Halewijn Tipping
Batting: RHB Bob Magee 0-0: Foul Ball, location: 2F
0-1: Called Strike
0-2: Fly out, F9 (Flyball, 9LS)
Batting: LHB Nick English 0-0: Ground out 4-3 (Groundball, 4)
Batting: LHB Mike Williams 0-0: Called Strike
0-1: DOUBLE (Flyball, 8LD)
Batting: RHB Jesús Lara 0-0: Ball
1-0: Fly out, F7 (Flyball, 7LSF)
Top of the 4th over - 0 runs, 1 hit, 0 errors, 1 left on base; Vancouver 2 - Spokane 2
BOTTOM OF THE 4TH
Spokane Trappers batting - Pitching for Vancouver Vipers : RHP Diego González
Batting: LHB Tommy Evans 0-0: Ball
1-0: Foul Ball, location: 2F
1-1: Ball
2-1: Foul Ball, location: 2F
2-2: DOUBLE (Flyball, 7LD)
Batting: RHB António Martínez 0-0: Called Strike
0-1: Swinging Strike
0-2: Ball
1-2: Strikes out looking
Batting: RHB José Aguilera 0-0: Ball
1-0: Foul Ball, location: 2F
1-1: Called Strike
1-2: Ball
2-2: Ball
3-2: Base on Balls
Batting: LHB John Cotton 0-0: Ball
1-0: Called Strike
1-1: Ball
2-1: Foul Ball, location: 2F
2-2: SINGLE (Groundball, 56) (infield hit)
Tommy Evans to third
José Aguilera to second
Batting: LHB Héctor Rentería 0-0: Ball
1-0: Ball
2-0: Ball
3-0: Called Strike
3-1: Base on Balls
Tommy Evans scores
José Aguilera to third
John Cotton to second
Batting: SHB Mark Wells 0-0: Swinging Strike
0-1: Foul Ball, location: 2F
0-2: Ball
1-2: Strikes out swinging
Batting: RHB José Herrera 0-0: Called Strike
0-1: Ball
1-1: Foul Ball, location: 2F
1-2: Ball
2-2: Ball
3-2: Base on Balls
José Aguilera scores
John Cotton to third
Héctor Rentería to second
Batting: SHB Chris Bennis 0-0: Ground out U3 (Groundball, 3)
Bottom of the 4th over - 2 runs, 2 hits, 0 errors, 3 left on base; Vancouver 2 - Spokane 4
TOP OF THE 5TH
Vancouver Vipers batting - Pitching for Spokane Trappers : LHP Halewijn Tipping
Batting: RHB Eugene Booth 0-0: Ball
1-0: SINGLE (Groundball, 34D)
Batting: RHB Walton Smith 0-0: Swinging Strike
0-1: Called Strike
0-2: Foul Ball, location: 2F
0-2: Ball
1-2: Strikes out swinging
Batting: LHB Stan Bates 0-0: Foul Ball, location: 2F
0-1: Ball
1-1: Ball
2-1: Called Strike
2-2: Ball
3-2: Foul Ball, location: 2F
3-2: SINGLE (Groundball, 56D)
Eugene Booth to second
Eugene Booth to third
Pitching: RHP José Ruíz
Batting: RHB Cooper Richard 0-0: Called Strike
0-1: Called Strike
0-2: Strikes out swinging
Batting: RHB Ben Alexander 0-0: Called Strike
0-1: Swinging Strike
0-2: Fly out, F9 (Flyball, 9LM)
Top of the 5th over - 0 runs, 2 hits, 0 errors, 2 left on base; Vancouver 2 - Spokane 4
BOTTOM OF THE 5TH
Spokane Trappers batting - Pitching for Vancouver Vipers : RHP Diego González
Batting: RHB Danny Crouch 0-0: Ball
1-0: Called Strike
1-1: Fly out, F9 (Flyball, 9LMF)
Batting: LHB Tommy Evans 0-0: Called Strike
0-1: Fly out, F9 (Flyball, 9S)
Batting: RHB António Martínez 0-0: Called Strike
0-1: Foul Ball, location: 2F
0-2: SOLO HOME RUN (Flyball, 7LD), Distance : 348 ft
Batting: RHB José Aguilera 0-0: Called Strike
0-1: Ball
1-1: SINGLE (Line Drive, 4MD)
Batting: LHB John Cotton 0-0: Ball
1-0: Ball
2-0: Ball
3-0: Base on Balls
José Aguilera to second
Pitching: RHP José González
Batting: LHB Héctor Rentería 0-0: Foul Ball, location: 2F
0-1: Ball
1-1: Ball
2-1: Foul Ball, location: 2F
2-2: Ball
3-2: Base on Balls
José Aguilera to third
John Cotton to second
Batting: SHB Mark Wells 0-0: Swinging Strike
0-1: Foul Ball, location: 2F
0-2: Foul Ball, location: 2F
0-2: Ball
1-2: Ground out 1-3 (Groundball, 13)
Bottom of the 5th over - 1 run, 2 hits, 0 errors, 3 left on base; Vancouver 2 - Spokane 5
TOP OF THE 6TH
Vancouver Vipers batting - Pitching for Spokane Trappers : RHP José Ruíz
Batting: RHB Bob Magee 0-0: Swinging Strike
0-1: Foul Ball, location: 2F
0-2: Ball
1-2: Ball
2-2: SINGLE (Flyball, 9LS)
Batting: LHB Nick English 0-0: Called Strike
0-1: Ball
1-1: Ball
2-1: Fly out, F9 (Flyball, 9D)
Batting: LHB Mike Williams 0-0: Ball
1-0: Foul Ball, location: 2F
1-1: Foul Ball, location: 2F
1-2: Strikes out swinging
Batting: RHB Jesús Lara 0-0: Called Strike
0-1: Ball
1-1: Ball
2-1: Foul Ball, location: 2F
2-2: Strikes out swinging
Top of the 6th over - 0 runs, 1 hit, 0 errors, 1 left on base; Vancouver 2 - Spokane 5
BOTTOM OF THE 6TH
Spokane Trappers batting - Pitching for Vancouver Vipers : RHP José González
Batting: RHB José Herrera 0-0: Ball
1-0: Swinging Strike
1-1: Called Strike
1-2: Ball
2-2: Ball
3-2: SOLO HOME RUN (Flyball, 78XD), Distance : 440 ft
Batting: SHB Chris Bennis 0-0: Foul Ball, location: 2F
0-1: Foul Ball, location: 2F
0-2: Ground out 3-1 (Groundball, 34)
Batting: RHB Danny Crouch 0-0: Foul Ball, location: 2F
0-1: Ball
1-1: Ball
2-1: Ball
3-1: Base on Balls
Batting: LHB Tommy Evans 0-0: Ball
1-0: Fly out, F7 (Flyball, 7)
Batting: RHB António Martínez 0-0: SINGLE (Line Drive, 5)
Danny Crouch to second
Batting: RHB José Aguilera 0-0: Ball
1-0: Called Strike
1-1: Foul Ball, location: 2F
1-2: Ball
2-2: Foul Ball, location: 2F
2-2: Ball
3-2: Foul Ball, location: 2F
3-2: Strikes out swinging
Bottom of the 6th over - 1 run, 2 hits, 0 errors, 2 left on base; Vancouver 2 - Spokane 6
TOP OF THE 7TH
Vancouver Vipers batting - Pitching for Spokane Trappers : RHP José Ruíz
Batting: RHB Eugene Booth 0-0: Called Strike
0-1: Called Strike
0-2: Ball
1-2: Foul Ball, location: 2F
1-2: Foul Ball, location: 2F
1-2: Foul Ball, location: 2F
1-2: Foul Ball, location: 2F
1-2: Strikes out swinging
Batting: RHB Walton Smith 0-0: Ball
1-0: Ground out 4-3 (Groundball, 4M)
Batting: LHB Stan Bates 0-0: Ball
1-0: Foul Ball, location: 2F
1-1: Foul Ball, location: 2F
1-2: Ball
2-2: Strikes out looking
Top of the 7th over - 0 runs, 0 hits, 0 errors, 0 left on base; Vancouver 2 - Spokane 6
BOTTOM OF THE 7TH
Spokane Trappers batting - Pitching for Vancouver Vipers : RHP José González
Batting: LHB John Cotton 0-0: Ball
1-0: Ground out 5-3 (Groundball, 5)
Batting: LHB Héctor Rentería 0-0: SINGLE (Groundball, 4D)
Batting: SHB Mark Wells 0-0: Ball
Passed Ball!
Héctor Rentería to second
1-0: Ball
2-0: Ball
3-0: Called Strike
3-1: Foul Ball, location: 2F
3-2: Foul Ball, location: 2F
3-2: Strikes out swinging
Batting: RHB José Herrera 0-0: Foul Ball, location: 2F
0-1: Ball
1-1: Called Strike
1-2: Strikes out looking
Bottom of the 7th over - 0 runs, 1 hit, 0 errors, 1 left on base; Vancouver 2 - Spokane 6
TOP OF THE 8TH
Vancouver Vipers batting - Pitching for Spokane Trappers : RHP José Ruíz
Pitching: RHP Ching-wei Zi
Batting: RHB Cooper Richard 0-0: Swinging Strike
0-1: Ball
1-1: Called Strike
1-2: Strikes out swinging
Batting: RHB Ben Alexander 0-0: Foul Ball, location: 2F
0-1: Ground out 5-3 (Groundball, 56S)
Batting: RHB Bob Magee 0-0: Foul Ball, location: 2F
0-1: Ground out 4-3 (Groundball, 4M)
Top of the 8th over - 0 runs, 0 hits, 0 errors, 0 left on base; Vancouver 2 - Spokane 6
BOTTOM OF THE 8TH
Spokane Trappers batting - Pitching for Vancouver Vipers : RHP José González
Batting: SHB Chris Bennis 0-0: Foul Ball, location: 2F
0-1: Foul Ball, location: 2F
0-2: Strikes out swinging
Batting: RHB Danny Crouch 0-0: Ball
1-0: Ball
2-0: Ball
3-0: Called Strike
3-1: SINGLE (Line Drive, 78M)
Pitching: RHP Mark Greene
Batting: LHB Tommy Evans 0-0: Called Strike
0-1: Ball
1-1: Called Strike
1-2: Strikes out swinging
Batting: RHB António Martínez 0-0: Swinging Strike
0-1: Fielders Choice at 2nd, 6-4 (Groundball, 6)
Bottom of the 8th over - 0 runs, 1 hit, 0 errors, 1 left on base; Vancouver 2 - Spokane 6
TOP OF THE 9TH
Vancouver Vipers batting - Pitching for Spokane Trappers : RHP Ching-wei Zi
Batting: LHB Nick English 0-0: Called Strike
0-1: Foul Ball, location: 2F
0-2: Strikes out looking
Batting: LHB Mike Williams 0-0: Ball
1-0: Called Strike
1-1: Ball
2-1: Foul Ball, location: 2F
2-2: Ball
3-2: Base on Balls
Batting: RHB Jesús Lara 0-0: Called Strike
0-1: Ball
1-1: Swinging Strike
1-2: Ball
2-2: Ball
3-2: SINGLE (Groundball, 34D)
Mike Williams to second
Batting: RHB Eugene Booth 0-0: Ball
1-0: Ball
2-0: Called Strike
2-1: Ball
3-1: Base on Balls
Mike Williams to third
Jesús Lara to second
Batting: RHB Walton Smith 0-0: Called Strike
0-1: Grounds into fielders choice 1-2 (Groundball, 13)
Jesús Lara to third
Eugene Booth to second
Batting: LHB Stan Bates 0-0: Called Strike
0-1: Ball
1-1: Called Strike
1-2: Fly out, F7 (Flyball, 78XD)
Top of the 9th over - 0 runs, 1 hit, 0 errors, 3 left on base; Vancouver 2 - Spokane 6
Saturday, December 16th, 2017 - OOTP Baseball 18.8 Build 76